 Dungeon Crawl Stone Soup version 0.21-a0-50-g941c862 (webtiles) character file.

46 Monsterracer the Poker (level 3, 29/29 HPs)
             Began as a Gnoll Skald on May 30, 2017.
             Quit the game on level 2 of the Dungeon on June 11, 2017.
             The game lasted 00:02:19 (1364 turns).

Monsterracer the Poker (Gnoll Skald)                Turns: 1364, Time: 00:02:20

Health: 29/29      AC:  5    Str: 10    XL:     3   Next: 66%
Magic:  7/7        EV: 12    Int: 14    God:
Gold:   87         SH:  0    Dex: 13    Spells: 1/9 levels left

rFire    . . .     SeeInvis .   a - +0 spear
rCold    . . .     Gourm    .   (no shield)
rNeg     . . .     Faith    .   b - +0 leather armour
rPois    .         Spirit   .   i - +1 hat
rElec    .         Reflect  .   (no cloak)
rCorr    .         Harm     .   (no gloves)
MR       .....                  (no boots)
Stlth    +.........             (no amulet)
Regen    0.1/turn               (no ring)
MPRegen  0.1/turn               (no ring)

@: no status effects
A: short attention span, antennae 1, fangs 1, rugged brown scales 1, low mp 1,
inhibited regeneration, strong nose
a: no special abilities


You were on level 2 of the Dungeon.
You were not hungry.

You visited 1 branch of the dungeon, and saw 2 of its levels.

You collected 87 gold pieces.

Inventory:

Hand Weapons
 a - a +0 spear (weapon)
Armour
 b - a +0 leather armour (worn)
 i - a +1 hat (worn)
Scrolls
 e - a scroll of random uselessness {unknown}
 f - a scroll of immolation {unknown}
 h - a scroll of magic mapping {unknown}
 j - a scroll of identify {unknown}
 k - a scroll of enchant armour {unknown}
Books
 c - a book of Battle

   Spells                             Type                      Level
   a - Infusion                       Charms                       1
   b - Shroud of Golubria             Charms/Translocation         2
   c - Song of Slaying                Charms                       2
   d - Spectral Weapon                Hexes/Charms                 3
   e - Regeneration                   Charms/Necromancy            3
Comestibles
 d - a bread ration
 g - a fruit


   Skills:
 - Level 3.2 Fighting
 + Level 6.1 Polearms
 - Level 1.7 Armour
 - Level 3.2 Dodging
 - Level 3.6 Spellcasting
 - Level 4.8 Charms


You had one spell level left.
You knew the following spells:

 Your Spells              Type           Power        Failure   Level  Hunger
a - Infusion              Chrm           ###.         3%          1    None
b - Song of Slaying       Chrm           ###.....     5%          2    ##.....
c - Shroud of Golubria    Chrm/Tloc      #.........   14%         2    ##.....
d - Regeneration          Chrm/Necr      #.........   28%         3    ###....


Dungeon Overview and Level Annotations

Branches:
Dungeon (2/15)

Altars:


Innate Abilities, Weirdness & Mutations

You have a short attention span.
You have very sharp teeth.
Your uncanny sense of smell can sniff out nearby items.
You have a pair of small antennae on your head.
You are partially covered in rugged brown scales. (AC +1, +3% HP)
Your magical capacity is low. (-10% MP)
You do not regenerate when monsters are visible.


Message History

Aim: a bat You reach to attack!
You hit the bat.
You kill the bat!
No target in view!
You see here a bat corpse.
A goblin comes into view.
A goblin is nearby!
The goblin shouts!
You closely miss the goblin. You bite the goblin.
The goblin is moderately wounded.
The goblin closely misses you.
You hit the goblin.
You kill the goblin!
No target in view!
Found a runed mace.
Found a leather armour.
No target in view!
You see here a leather armour.
Found 15 arrows.
Are you sure you want to abandon this character and quit the game? (Confirm with "yes".)

#########...####†..#
#..#.... ##..# ##..#
#..##.#. ##.# ##....
#..##.#. #.# ###⌠#.#
#....... # #.# ##
#....... # #.#
#.##.†.. # #.#
#.##.... # #.#
####### #.##.... #
#.# #.@...##
#.##.... # #.#
#.##...#####.......
# #.
##...[....)..... #
#. ##.############
(. ### ##


There were no monsters in sight!

Vanquished Creatures
  An adder (D:2)
  3 oozes (D:1)
  A hobgoblin (D:1)
  4 kobolds
  3 bats (D:2)
  A frilled lizard (D:1)
  9 goblins
  3 rats
25 creatures vanquished.

Notes
Turn   | Place    | Note
-------+----------+-------------------------------------------
     0 | D:1      | Monsterracer the Gnoll Skald began the quest for the Orb.
     0 | D:1      | Reached XP level 1. HP: 18/18 MP: 5/5
     0 | D:1      | Upgraded the game from 0.21-a0-39-g28ea6b7 to 0.21-a0-50-g941c862
    42 | D:1      | Reached skill level 4 in Polearms
    42 | D:1      | Reached XP level 2. HP: 23/24 MP: 6/6
   204 | D:1      | Reached skill level 5 in Polearms
   421 | D:1      | Reached XP level 3. HP: 26/29 MP: 8/8
  1042 | D:1      | Learned a level 2 spell: Song of Slaying
  1046 | D:1      | Learned a level 3 spell: Regeneration
  1049 | D:1      | Learned a level 2 spell: Shroud of Golubria
  1123 | D:2      | Gained mutation: You have a pair of small antennae on your head. [potion of mutation]
  1123 | D:2      | Gained mutation: You do not regenerate when monsters are visible. [potion of mutation]
  1123 | D:2      | Gained mutation: Your magical capacity is low. (-10% MP) [potion of mutation]
  1123 | D:2      | Gained mutation: You are partially covered in rugged brown scales. (AC +1, +3% HP) [potion of mutation]
  1300 | D:2      | Reached skill level 6 in Polearms
  1364 | D:2      | Quit the game

Vault maps used:
D:1:      erik_arrival_gehennom
D:2:      amethyst_overflow_temple_binary

Skill      XL: |  1  2  3 |
---------------+----------+-----
Polearms       | 4 5 6 |  6.1
Fighting       | |  3.2
Armour         | |  1.7
Dodging        | |  3.2
Spellcasting   | |  3.6
Charms         | |  4.8

Action                   || total
-------------------------++-------
Melee: Spear             ||    86
       Bite              ||     7
  Use: Potion            ||     2
 Stab: Sleeping          ||     1
  Eat: Chunk             ||     1
Armor: Leather armour    ||    13
Dodge: Dodged            ||    27
